 Dungeon Crawl Stone Soup version 0.21-a0-85-ga0cb861 (webtiles) character file.

80282 4thArraOfDagon the Fencer (level 15, -33/113 HPs)
             Began as a Mummy Enchanter on June 25, 2017.
             Was an Initiate of Gozag.
             Annihilated by an ettin
             ... wielding a +3 dire flail
              (43 damage)
             ... on level 15 of the Dungeon.
             The game lasted 01:41:11 (26951 turns).

4thArraOfDagon the Fencer (Mummy Enchanter)        Turns: 26951, Time: 01:41:12

Health: -33/113    AC: 17    Str: 12    XL:     15   Next: 23%
Magic:  19/19      EV: 25    Int: 17    God:    Gozag
Gold:   1185       SH:  0    Dex: 24    Spells: 2/19 levels left

rFire    + + .     SeeInvis .   b - +4 Maxwell's thermic engine {flame, freeze, rF- rC-}
rCold    . . .     Gourm    .   (no shield)
rNeg     + + +     Faith    .   s - +0 acid dragon scales "Tynoug" {rF++ rCorr Str-2 Dex+10 Stlth+} (curse)
rPois    ∞         Spirit   .   v - +2 helmet
rElec    .         Reflect  .   V - +0 cloak
rCorr    +         Harm     +   t - +2 pair of gloves {archery}
MR       ++...     Rnd*Tele +   (no boots)
Stlth    +++.......             I - amulet of harm
HPRegen  0.28/turn              J - +5 ring of evasion
MPRegen  0.16/turn              l - ring of Wyug {*Tele rF++ MR+}

@: gold aura, hasted, very quick
A: no food or potions, fire vulnerability, cold resistance 1, negative energy
resistance 3, torment resistance, unbreathing, in touch with death 1
a: Potion Petition, Call Merchant, Bribe Branch, Renounce Religion


You were on level 15 of the Dungeon.
You worshipped Gozag.
Gozag was most pleased with you.
You were not hungry.

You visited 4 branches of the dungeon, and saw 24 of its levels.
You also visited: Labyrinth, Bailey and Ice Cave.

You collected 9369 gold pieces.
You spent 2496 gold pieces at shops.
You paid 5688 gold pieces to Gozag.

Inventory:

Hand Weapons
 a - a +1 longbow of freezing
 b - the +4 Maxwell's thermic engine (weapon) {flame, freeze, rF- rC-}
   (You found it in a labyrinth)

   It has been specially enchanted to burn those struck by it, causing extra
   injury to most foes and up to half again as much damage against particularly
   susceptible opponents.
   Big, fiery blades are also staple armaments of hydra-hunters.
   It makes you vulnerable to fire.
   It makes you vulnerable to cold.
 D - a +4 great sword of freezing
Missiles
 h - 8 needles of confusion
 i - 6 needles of paralysis
Armour
 e - a +0 plate armour of fire resistance
 f - +2 fire dragon scales
 s - the cursed +0 acid dragon scales "Tynoug" (worn) {rF++ rCorr Str-2 Dex+10 Stlth+}
   (You bought it in a shop on level 3 of the Lair of Beasts)

   It affects your strength (-2).
   It affects your dexterity (+10).
   It greatly protects you from fire.
   It protects you from acid and corrosion.
   It makes you more stealthy.
   It has a curse placed upon it.
 t - a +2 pair of gloves of archery (worn)
 v - a +2 helmet (worn)
 V - a +0 cloak (worn)
Magical Staves
 j - an uncursed staff of conjuration {!a}
 k - an uncursed staff of death
 W - an uncursed staff of air
Jewellery
 l - the ring of Wyug (right hand) {*Tele rF++ MR+}
   (You bought it in a shop on level 2 of the Orcish Mines)

   [ring of teleportation]

   It may teleport you next to monsters.
   It greatly protects you from fire.
   It affects your resistance to hostile enchantments.
 r - the ring "Wulo" {Int+4 SInv Stlth-}
   (You bought it in a shop on level 3 of the Lair of Beasts)

   [ring of loudness]

   It affects your intelligence (+4).
   It lets you see invisible.
   It makes you less stealthy.
 y - a +4 ring of strength
 I - an amulet of harm (around neck)
 J - a +5 ring of evasion (left hand)
 M - an uncursed ring of resist corrosion
 S - a +4 ring of protection
 Y - an uncursed ring of ice
 Z - an uncursed ring of ice
Wands
 g - a wand of flame (24/48)
 n - a wand of digging (6/24)
 o - a wand of digging (14/24)
 q - a wand of paralysis (13/24)
 x - a wand of enslavement (17/24)
 z - a wand of confusion (31/48)
 A - a wand of confusion (0/48)
 C - a wand of lightning (5/15)
 E - a wand of iceblast (6/15)
 H - a wand of polymorph (0/24)
 N - a wand of acid (8/15)
 R - a wand of lightning (10/15)
Scrolls
 d - 3 scrolls of noise
 m - 3 scrolls of amnesia
 p - 2 scrolls of summoning
 w - a scroll of fear
 F - 2 scrolls of magic mapping
 G - 2 scrolls of blinking
 K - 2 scrolls of teleportation
 O - 6 scrolls of remove curse
 Q - 4 scrolls of enchant weapon
 T - 2 scrolls of enchant armour
 X - a scroll of immolation
Books
 c - a book of Maledictions

   Spells                             Type                      Level
   a - Corona                         Hexes                        1
   b - Ensorcelled Hibernation        Hexes/Ice                    2
   c - Confuse                        Hexes                        3
   d - Tukima's Dance                 Hexes                        3
   e - Dazzling Spray                 Conjuration/Hexes            3
 L - a book of Flames

   Spells                             Type                      Level
   a - Flame Tongue                   Conjuration/Fire             1
   b - Throw Flame                    Conjuration/Fire             2
   c - Conjure Flame                  Conjuration/Fire             3
   d - Inner Flame                    Hexes/Fire                   3
   e - Sticky Flame                   Conjuration/Fire             4
   f - Fireball                       Conjuration/Fire             5
 P - a book of Clouds

   Spells                             Type                      Level
   a - Poisonous Vapours              Poison/Air                   2
   b - Mephitic Cloud                 Conjuration/Poison/Air       3
   c - Conjure Flame                  Conjuration/Fire             3
   d - Freezing Cloud                 Conjuration/Ice/Air          6
   e - Ring of Flames                 Charms/Fire                  7
Miscellaneous
 u - a lightning rod (4/4)
 U - a sack of spiders


   Skills:
 - Level 9.1 Fighting
   Level 5.6(11.7) Short Blades
 * Level 15.4(15.8) Long Blades
 - Level 10.0 Armour
 + Level 9.3 Dodging
 - Level 2.4 Stealth
 - Level 2.6 Spellcasting
 - Level 3.2 Hexes
 - Level 3.0 Evocations


You had 2 spell levels left.
You knew the following spells:

 Your Spells              Type           Power        Failure   Level  Hunger
a - Corona                Hex            ##.....      7%          1    N/A
b - Ensorcelled Hibernat  Hex/Ice        #.....       19%         2    N/A
c - Confuse               Hex            ##......     21%         3    N/A
d - Apportation           Tloc           #.....       24%         1    N/A
e - Animate Skeleton      Necr           N/A          24%         1    N/A
f - Swiftness             Chrm/Air       #.......     36%         2    N/A
g - Animate Dead          Necr           N/A          94%         4    N/A
h - Vampiric Draining     Necr           #.........   58%         3    N/A

Dungeon Overview and Level Annotations

Branches:
Dungeon (15/15)            Temple (1/1) D:4            Lair (6/6) D:8
  Swamp (0/4) Lair:3        Snake (0/4) Lair:2        Slime (0/5) Lair:6
    Orc (2/2) D:10            Elf (0/3) Orc:2
 Vaults: D:13-14     Depths: D:15

Altars:
Dithmenos
Gozag
Kikubaaqudgha
Nemelex Xobeh
Trog
Uskayaw
Vehumet

Shops:
D:4 :   Orc:1 [   Orc:2 =(:!   Lair:3 [*(*[

Annotations:
D:5 Grinder
Lair:4 Rupert


Innate Abilities, Weirdness & Mutations

You do not eat or drink.
Your flesh is vulnerable to fire.
You are immune to poison.
Your flesh is cold resistant. (rC+)
You are immune to negative energy. (rN+++)
You are immune to unholy pain and torment.
You can survive without breathing.
You are in touch with the powers of death.


Message History

You now have 1185 gold pieces (gained 16).
Things that are here:
a giant club x2
Items here: ! ( )) a scimitar of flaming; a dark potion; an uncursed longbow; 19 arrows You see here an arrow.
You start resting.
An ettin comes into view.
It is wielding an enchanted dire flail and a dire flail.
A troll comes into view.
The troll shouts!
You slash the ettin! You burn the ettin. You freeze the ettin.
The ettin is moderately wounded.
Unknown command.
You barely miss the ettin.
The ettin is moderately wounded.
The ettin hits you with an enchanted dire flail!!
* * * LOW HITPOINT WARNING * * *
The ettin hits you with a dire flail!!!
You die...
Your body crumbles into a pile of gold.

#....)..#
#.......#######
#.......#.....######
#/......#...........
##..............##### .
#........#).....#
....)####...#......###
......####.(...)........
#......C@..###)##..#####
##...#.##### #)###.#
.T.... #(# #.# .....
#...#.# ### #.#.#.## ##
..#.# .. .. ###.###.##..
#....$.... #.....<...


You could see an ettin and a troll.

Vanquished Creatures
  Azrael (D:15)
  A dire elephant (Lair:6)
  A white draconian (IceCv)
  A fire dragon (Lair:6)
  4 hydras
  A catoblepas (Lair:6)
  The ghost of vev the Grappler, a novice TrVM of Nemelex Xobeh (D:9)
  4 death yaks
  2 centaur warriors
  A death knight (D:15)
  8 two-headed ogres
  A tengu warrior (D:13)
  5 orc high priests (Orc:2)
  A swamp dragon (Lair:6)
  Pikel (D:9)
  9 orc knights
  10 deep elf magi
  2 lindwurms (Lair:6)
  An orc sorcerer (Orc:1)
  An ugly thing (D:11)
  2 manticores (Lair:6)
  5 elephants
  An ice statue (IceCv)
  6 black mambas
  A centaur zombie (D:15)
  Joseph (Lair:1)
  12 spiny frogs
  2 gargoyles (Lab)
  4 rime drakes
  An efreet (D:15)
  3 komodo dragons
  4 trolls
  9 polar bears (IceCv)
  A jumping spider (Orc:2)
  A dream sheep (Lair:6)
  16 blink frogs
  11 hippogriffs
  A redback (Lab)
  53 yaks
  9 basilisks
  A shadow (D:12)
  6 wyverns
  7 hungry ghosts
  A fire elemental (D:15)
  5 vampire mosquitoes (Lair:3)
  7 wargs
  5 acid dragons (Lair:6)
  A naga (Lair:2)
  11 water moccasins
  3 hell hounds (D:15)
  7 porcupines
  2 sky beasts
  45 orc warriors
  4 ice beasts
  2 slaves (D:9)
  9 ogres
  A phantom (D:6)
  32 wolves
  3 necrophages
  7 centaurs
  12 crocodiles
  3 big kobolds
  11 bullfrogs
  4 scorpions
  6 killer bees (D:8)
  6 wights
  A howler monkey (D:9)
  5 crimson imps
  4 bullfrog zombies
  5 jellies
  31 orc wizards
  6 hounds
  37 orc priests
  A gnoll shaman (D:7)
  5 centaur skeletons
  Ijyb (D:5)
  6 iguanas
  A hell rat (Lair:6)
  8 worker ants
  A worker ant zombie (D:7)
  Robin (D:2)
  7 gnolls
  A river rat (Lair:5)
  10 adders
  4 shadow imps
  3 oozes (D:1)
  An adder skeleton (D:7)
  A worm (D:2)
  3 dart slugs
  8 leopard geckos
  104 orcs
  5 bats
  3 giant cockroaches
  21 goblins
  11 hobgoblins
  9 jackals
  23 kobolds
  2 quokkas
  A ball python (D:3)
  6 frilled lizards
  5 rats
  2 fungi (D:4)
  2 plants (Lair:6)
745 creatures vanquished.

Vanquished Creatures (others)
  A polar bear (IceCv)
  3 yaks (IceCv)
  2 slaves (D:9)
  3 howler monkeys (D:9)
  A centaur zombie (D:9)
  An orc priest (D:9)
  6 orcs
  18 fungi
  11 plants
46 creatures vanquished.

Grand Total: 791 creatures vanquished

Notes
Turn   | Place    | Note
-------+----------+-------------------------------------------
     0 | D:1      | 4thArraOfDagon the Mummy Enchanter began the quest for the Orb.
     0 | D:1      | Reached XP level 1. HP: 13/13 MP: 4/4
    11 | D:1      | Reached skill level 1 in Short Blades
    54 | D:1      | Reached XP level 2. HP: 6/19 MP: 3/5
   141 | D:1      | Learned a level 2 spell: Ensorcelled Hibernation
   362 | D:2      | Noticed Robin
   464 | D:2      | Reached XP level 3. HP: 15/24 MP: 0/7
   469 | D:2      | Learned a level 3 spell: Confuse
   861 | D:3      | Found a sparkling altar of Nemelex Xobeh.
   883 | D:3      | Found a bloodstained altar of Trog.
  1429 | D:4      | Found a staircase to the Ecumenical Temple.
  1436 | Temple   | Entered the Ecumenical Temple
  1521 | Temple   | Became a worshipper of Gozag Ym Sagoz the Greedy
  1908 | D:1      | Reached XP level 4. HP: 29/31 MP: 8/8
  2338 | D:1      | You fall through a shaft!
  2635 | D:2      | Killed Robin
  2993 | D:2      | Reached skill level 1 in Fighting
  3467 | D:4      | Reached skill level 1 in Armour
  3467 | D:4      | Reached XP level 5. HP: 24/37 MP: 9/9
  3622 | D:4      | Found Oclysih's Book Shop.
  3864 | D:5      | Entered Level 5 of the Dungeon
  3933 | D:5      | Noticed a centaur
  3953 | D:5      | Killed a centaur
  3953 | D:5      | Reached XP level 6. HP: 32/44 MP: 10/10
  4148 | D:5      | Noticed a water moccasin
  4191 | D:5      | Killed a water moccasin
  4205 | D:5      | Noticed Grinder
  4374 | D:5      | Reached XP level 7. HP: 33/51 MP: 11/11
  4799 | D:5      | Noticed Ijyb
  4816 | D:5      | Killed Ijyb
  4862 | D:5      | Got a dazzling dagger {pierce}
  4863 | D:5      | Identified the +6 dagger "Yteaf Rie" {pierce, MP+9 Dex+3 Stlth+} (You took it off an orc wizard on level 5 of the Dungeon)
  4928 | D:5      | Found a bloodstained altar of Trog.
  5076 | D:6      | Reached skill level 1 in Evocations
  5210 | D:7      | Reached XP level 8. HP: 56/58 MP: 12/12
  5341 | D:6      | Reached skill level 5 in Short Blades
  5571 | D:7      | Learned a level 1 spell: Apportation
  5573 | D:7      | Learned a level 1 spell: Animate Skeleton
  5769 | D:7      | Reached skill level 1 in Long Blades
  5801 | D:7      | Reached XP level 9. HP: 66/66 MP: 13/13
  5998 | D:8      | Noticed Psyche
  6234 | D:8      | Reached skill level 2 in Long Blades
  6260 | D:8      | Noticed an elephant
  6269 | D:8      | Noticed a two-headed ogre
  6293 | D:9      | Noticed a two-headed ogre
  6314 | D:9      | Killed a two-headed ogre
  6314 | D:9      | Reached skill level 5 in Fighting
  6314 | D:9      | Reached skill level 3 in Long Blades
  6372 | D:9      | Got a scorched quarterstaff
  6390 | D:9      | Found a flagged portal.
  6420 | Bailey   | Entered a bailey
  6425 | Bailey   | Noticed an orc warlord
  6480 | Bailey   | Noticed wazuzu's ghost (novice MiBe)
  6627 | D:9      | Reached skill level 4 in Long Blades
  6627 | D:9      | Reached skill level 5 in Dodging
  6997 | D:8      | Identified the +7 quarterstaff of Wrongful Imprisonment {crush, SInv Stlth+} (You found it on level 9 of the Dungeon)
  7076 | D:9      | Reached skill level 5 in Armour
  7085 | D:9      | Reached XP level 10. HP: 66/76 MP: 14/14
  7097 | D:9      | Noticed Pikel
  7097 | D:9      | Noticed vev's ghost (novice TrVM)
  7206 | D:8      | Killed a two-headed ogre
  7206 | D:8      | Reached skill level 5 in Long Blades
  7248 | D:8      | Killed an elephant
  7436 | D:8      | Found a staircase to the Lair.
  7659 | D:9      | Killed Pikel
  7697 | D:10     | Entered Level 10 of the Dungeon
  7719 | D:10     | Noticed a two-headed ogre
  7729 | D:10     | Killed a two-headed ogre
  7729 | D:10     | Reached skill level 6 in Long Blades
  8022 | D:9      | You fall through a shaft for 2 floors!
  8031 | D:11     | Reached XP level 11. HP: 72/84 MP: 15/15
  8270 | D:11     | Noticed an eight-headed hydra
  8324 | D:11     | Noticed a white ugly thing
  8345 | D:11     | Killed a white ugly thing
  8345 | D:11     | Reached skill level 7 in Long Blades
  8700 | D:10     | Found a staircase to the Orcish Mines.
  9201 | D:11     | Noticed a four-headed hydra
  9249 | D:11     | Noticed a two-headed ogre
  9661 | D:11     | Killed a two-headed ogre
 10074 | D:14     | Noticed a wizard
 10088 | D:14     | Noticed a tengu warrior
 10088 | D:14     | Noticed a centaur warrior
 10110 | D:13     | Killed a tengu warrior
 10284 | D:13     | Reached skill level 8 in Long Blades
 10343 | D:13     | Noticed a two-headed ogre
 10350 | D:13     | Killed a two-headed ogre
 10478 | D:13     | Noticed a vault guard
 10650 | D:13     | Noticed a deep elf mage
 10795 | D:9      | Noticed a two-headed ogre
 10814 | D:9      | Killed a two-headed ogre
 10868 | D:9      | Reached XP level 12. HP: 77/94 MP: 16/16
 11281 | D:8      | Noticed Psyche
 11281 | D:8      | Psyche changed into Psyche the big kobold
 11287 | D:8      | Noticed Psyche
 11287 | D:8      | Psyche the big kobold changed into Psyche the water moccasin
 11294 | D:8      | Killed Psyche the water moccasin
 11400 | Orc:1    | Entered Level 1 of the Orcish Mines
 11583 | Orc:1    | Found a frozen archway.
 11592 | IceCv    | Entered an ice cave
 12035 | IceCv    | Reached skill level 9 in Long Blades
 12696 | IceCv    | Noticed a white draconian
 12696 | IceCv    | Noticed a death yak
 12715 | IceCv    | Killed a death yak
 12753 | IceCv    | Killed a white draconian
 13069 | IceCv    | Identified the Volume of the Flying Frostbite
 13073 | IceCv    | Learned a level 2 spell: Swiftness
 13106 | Orc:1    | Found Paiwn's Armour Shoppe.
 13294 | Orc:1    | Reached skill level 10 in Long Blades
 13858 | Orc:2    | Entered Level 2 of the Orcish Mines
 14178 | Orc:2    | Gained mutation: You are in touch with the powers of death. [Mummy growth]
 14178 | Orc:2    | Reached XP level 13. HP: 95/101 MP: 17/17
 14216 | Orc:2    | Found a staircase to the Elven Halls.
 16162 | Orc:2    | Reached skill level 11 in Long Blades
 16888 | Orc:1    | HP: 3/101 [deep elf mage/bolt of lightning (30)]
 16937 | Orc:2    | Noticed an orc warlord
 19377 | Orc:2    | Found Zyta's Distillery.
 19377 | Orc:2    | Found Qeimua's Book Boutique.
 19378 | Orc:2    | Found Giuha's Antique Weapon Shop.
 19378 | Orc:2    | Found Taceugh's Jewellery Boutique.
 19390 | Orc:2    | Bought the ring of Wyug {*Tele rF++ MR+} for 526 gold pieces
 19448 | Orc:2    | Reached skill level 12 in Long Blades
 19614 | Lair:1   | Entered Level 1 of the Lair of Beasts
 20017 | Lair:1   | Noticed Joseph
 20048 | Lair:1   | Killed Joseph
 20496 | Lair:2   | Found a labyrinth entrance.
 20511 | Lab      | Entered a labyrinth
 20887 | Lab      | Reached XP level 14. HP: 94/108 MP: 18/18
 22354 | Lair:2   | Identified a scroll of acquirement
 22405 | Lair:2   | Found a staircase to the Snake Pit.
 23013 | Lair:3   | Bought a scroll labeled RUUGUJ EDWUPLAA for 44 gold pieces
 23013 | Lair:3   | Bought a fine jade ring for 220 gold pieces
 23014 | Lair:3   | Identified the ring "Wulo" {Int+4 SInv Stlth-} (You bought it in a shop on level 3 of the Lair of Beasts)
 23019 | Lair:3   | Bought a pair of embroidered gloves for 247 gold pieces
 23036 | Lair:3   | Found a staircase to the Swamp.
 23044 | Lair:3   | Reached skill level 10 in Armour
 23572 | Lair:3   | Reached skill level 13 in Long Blades
 23719 | Lair:4   | Noticed Rupert
 24017 | Lair:6   | Entered Level 6 of the Lair of Beasts
 24060 | Lair:6   | Found a staircase to the Slime Pits.
 24948 | Lair:6   | Reached skill level 14 in Long Blades
 26025 | Lair:6   | Learned a level 4 spell: Animate Dead
 26029 | Lair:6   | Learned a level 3 spell: Vampiric Draining
 26177 | Lair:5   | Reached skill level 15 in Long Blades
 26192 | Lair:5   | Reached XP level 15. HP: 98/113 MP: 19/19
 26447 | Lair:3   | Bought the cursed +0 acid dragon scales "Tynoug" {rF++ rCorr Str-2 Dex+10 Stlth+} for 1459 gold pieces
 26545 | D:9      | Killed vev's ghost
 26815 | D:15     | Entered Level 15 of the Dungeon
 26901 | D:15     | Noticed Azrael
 26928 | D:15     | Killed Azrael
 26951 | D:15     | Annihilated by an ettin

Vault maps used:
D:1:      onia_arrival_handbag, roderic_curled_sauvastika,
          wad_floor_pattern_untrapped
D:2:      uniq_robin
D:3:      marbit_many_paths, trog_three_pillars_becter
D:4:      temple_green, first_bread, serial_shops, shop,
          minmay_gold_behind_fungi
D:5:      minmay_diamond_boxcup, minmay_tree_intersection,
          hangedman_abyss_or_decor_stagger, bloody_trog, uniq_ijyb, uniq_grinder
D:7:      grunt_ogre_cave, kennysheep_generic_room_3
D:8:      david_lair_generic, kennysheep_generic_room_5, uniq_psyche
D:9:      enter_bailey_3, hangedman_abyss_or_decor_slice, uniq_pikel
D:10:     erik_orc_4
D:12:     uniq_nergalle
D:13:     grunt_vaults_entry_fortified
D:14:     basic_altar, amethyst_killhole, minmay_variable_closet
D:15:     hangedman_depths_entry_civil_slaughter,
          lemuel_mausoleum_altar_kikubaaqudgha, uniq_azrael
Temple:   nicolae_temple_the_god_donut
Lair:1:   lemuel_fruit_fields, uniq_joseph
Lair:2:   guppyfry_snake_entry_garden, lab_entry_generic
Lair:3:   minmay_swamp_entry_swarm
Lair:4:   uniq_rupert
Lair:5:   st_stairs_12, pond
Lair:6:   hangedman_lair_in_review, guppyfry_lair_end_dragon,
          dpeg_slime_entry_corner
Orc:1:    serial_shops, nicolae_shop_crystal, portal_ice_cave_entry_pillars_1,
          nicolae_orc_rockfall, nicolae_orc_flooded_monolith,
          elves_outpost_lemuel
Orc:2:    st_orc_pillars
Lab:      labyrinth_mini_lab, nicolae_lab_arrow, labyrinth_skeletal_remains,
          nicolae_lab_do_over, nicolae_lab_blocks
Bailey:   bailey_axe_bossmonster_kennysheep, bailey
IceCv:    ice_cave_caverns_03

Skill      XL: |  1  2  3  4  5  6  7  8  9 10 11 12 13 14 |
---------------+-------------------------------------------+-----
Short Blades   | 1 2 3 4 5 |  5.6
Hexes          | 3 |  3.2
Fighting       | 1 2 3 4 5 7 8 9 |  9.1
Armour         | 1 2 3 5 6 7 8 9 10 | 10.0
Dodging        | 2 3 4 5 6 7 8 9 |  9.3
Evocations     | 1 3 |  3.0
Long Blades    | 1 4 6 8 10 12 15 | 15.4
Stealth        | |  2.4
Spellcasting   | |  2.6

Action                   |  1- 3 |  4- 6 |  7- 9 | 10-12 | 13-15 || total
-------------------------+-------+-------+-------+-------+-------++-------
Melee: Dagger            |   197 |   236 |   451 |   991 |       ||  1875
       Rapier            |       |    17 |       |       |       ||    17
       Quarterstaff      |       |       |       |     3 |       ||     3
       Great sword       |       |       |       |   300 |   707 ||  1007
       Double sword      |       |       |       |       |   496 ||   496
Throw: Throwing net      |       |       |       |     3 |     1 ||     4
 Cast: Corona            |     4 |     1 |       |       |       ||     5
       Ensorcelled Hiber |    16 |       |       |       |       ||    16
Invok: Potion Petition   |       |       |       |     1 |     2 ||     3
       Call Merchant     |       |       |       |       |     5 ||     5
Evoke: Wand              |       |     5 |    28 |    58 |    50 ||   141
  Use: Scroll            |       |     6 |    12 |    11 |    16 ||    45
 Stab: Sleeping          |     7 |       |     1 |     1 |     1 ||    10
       Distracted        |       |     1 |     4 |     8 |    11 ||    24
       Confused          |       |       |     2 |    14 |     4 ||    20
       Held in net/web   |       |       |       |     2 |     1 ||     3
       Invisible         |       |       |       |     2 |       ||     2
Armor: Robe              |     9 |       |       |       |       ||     9
       Ice dragon scales |    40 |    64 |   147 |   316 |       ||   567
       Ring mail         |       |    44 |       |    27 |    14 ||    85
       Plate armour      |       |       |       |       |   350 ||   350
       Fire dragon scale |       |       |       |       |   143 ||   143
       Acid dragon scale |       |       |       |       |    13 ||    13
Dodge: Dodged            |    83 |   100 |   226 |   796 |   675 ||  1880
       Rpst.: Great sword |       |       |       |    81 |    96 ||   177
       Double sword      |       |       |       |       |    88 ||    88
